NCAA
TEXAS TECH RED RAIDERS @ MISSOURI TIGERS
05/18/2023
 
TOP OF THE 1ST
Texas Tech Red Raiders batting - Pitching for Missouri Tigers : RHP Bernie Ryan
Pitching: RHP Bernie Ryan
Batting: RHB Terry Whitney 0-0: Fly out, F8 (Flyball, 8RM)
Batting: LHB Albert Cardona 0-0: Ball
1-0: Foul Ball, location: 2F
1-1: Foul Ball, location: 2F
1-2: Ball
2-2: SINGLE (Line Drive, 4M)
Batting: RHB Luis Martínez 0-0: Called Strike
0-1: Ball
1-1: Called Strike
1-2: SINGLE (Line Drive, 6)
Albert Cardona to second
Batting: LHB Micheal Morgan 0-0: Ball
1-0: Ball
2-0: Called Strike
2-1: Fielders Choice at 2nd, 3-6 (Groundball, 3)
Albert Cardona to third
Batting: RHB Doug Williams 0-0: Ball
1-0: Called Strike
1-1: Ball
2-1: Foul Ball, location: 2F
2-2: Strikes out swinging
Top of the 1st over - 0 run(s), 2 hit(s), 0 error(s), 2 left on base; Texas Tech 0 - Missouri 0
BOTTOM OF THE 1ST
Missouri Tigers batting - Pitching for Texas Tech Red Raiders : RHP Ray Johnston
Pitching: RHP Ray Johnston
Batting: LHB Neil Rodríguez 0-0: Ball
1-0: SINGLE (Line Drive, 6)
Batting: RHB Bobby Murdock 0-0: Ball
1-0: Ball
2-0: Swinging Strike
2-1: Swinging Strike
2-2: Grounds into double play, 4-6-3 (Groundball, 4)
Batting: RHB José González 0-0: Called Strike
0-1: Swinging Strike
0-2: Fly out, F9 (Flyball, 9S)
Bottom of the 1st over - 0 run(s), 1 hit(s), 0 error(s), 0 left on base; Texas Tech 0 - Missouri 0
TOP OF THE 2ND
Texas Tech Red Raiders batting - Pitching for Missouri Tigers : RHP Bernie Ryan
Batting: RHB Oliver Todd 0-0: Ball
1-0: Called Strike
1-1: Swinging Strike
1-2: Ball
2-2: Ball
3-2: Strikes out swinging
Batting: RHB Manuel Gonzáles 0-0: Ball
1-0: Swinging Strike
1-1: Swinging Strike
1-2: Foul Ball, location: 2F
1-2: Strikes out looking
Batting: RHB Steven Hill 0-0: Fly out, F9 (Flyball, 9S)
Top of the 2nd over - 0 run(s), 0 hit(s), 0 error(s), 0 left on base; Texas Tech 0 - Missouri 0
BOTTOM OF THE 2ND
Missouri Tigers batting - Pitching for Texas Tech Red Raiders : RHP Ray Johnston
Batting: RHB George Mitchell 0-0: Ball
1-0: Ball
2-0: Ball
3-0: Base on Balls
Batting: SHB Eric Pimentel 0-0: Foul Ball, location: 2F
0-1: Ball
1-1: Swinging Strike
1-2: Strikes out swinging
Batting: SHB Hoyt Norris 0-0: Called Strike
George Mitchell steals 2nd base
0-1: SINGLE (Flyball, 7S)
George Mitchell to third
Runner from 3rd tries for Home, SAFE, no throw or cutoff
Batting: RHB Rob Smith 0-0: Ball
1-0: Ball
2-0: Fly out, F8 (Flyball, 8RM)
Batting: RHB Wilford Shaw 0-0: Foul Ball, location: 2F
0-1: Fly out, F9 (Flyball, 89M)
Bottom of the 2nd over - 1 run(s), 1 hit(s), 0 error(s), 1 left on base; Texas Tech 0 - Missouri 1
TOP OF THE 3RD
Texas Tech Red Raiders batting - Pitching for Missouri Tigers : RHP Bernie Ryan
Batting: RHB Jeremy Kennedy 0-0: Ball
1-0: Ball
2-0: Called Strike
2-1: Swinging Strike
2-2: Strikes out swinging
Batting: RHB Terry Whitney 0-0: Ball
1-0: Foul Ball, location: 2F
1-1: Ball
2-1: Foul Ball, location: 2F
2-2: Strikes out swinging
Batting: LHB Albert Cardona 0-0: Ball
1-0: Swinging Strike
1-1: Foul Ball, location: 2F
1-2: Fly out, F8 (Flyball, 8LM)
Top of the 3rd over - 0 run(s), 0 hit(s), 0 error(s), 0 left on base; Texas Tech 0 - Missouri 1
BOTTOM OF THE 3RD
Missouri Tigers batting - Pitching for Texas Tech Red Raiders : RHP Ray Johnston
Batting: RHB Ken Uttley 0-0: Ball
1-0: Ball
2-0: Foul Ball, location: 2F
2-1: Called Strike
2-2: Strikes out looking
Batting: LHB Neil Rodríguez 0-0: Foul Ball, location: 2F
0-1: Ball
1-1: Called Strike
1-2: Ball
2-2: Ground out 6-3 (Groundball, 6M)
Batting: RHB Bobby Murdock 0-0: Fly out, F4 (Popup, 4)
Bottom of the 3rd over - 0 run(s), 0 hit(s), 0 error(s), 0 left on base; Texas Tech 0 - Missouri 1
TOP OF THE 4TH
Texas Tech Red Raiders batting - Pitching for Missouri Tigers : RHP Bernie Ryan
Batting: RHB Luis Martínez 0-0: Called Strike
0-1: Ball
1-1: Ball
2-1: Ball
3-1: Foul Ball, location: 2F
3-2: Fly out, F5 (Popup, 5SF)
Batting: LHB Micheal Morgan 0-0: Called Strike
0-1: Foul Ball, location: 2F
0-2: Ball
1-2: Ball
2-2: Foul Ball, location: 2F
2-2: Foul Ball, location: 2F
2-2: Ball
3-2: Strikes out swinging
Batting: RHB Doug Williams 0-0: Ball
1-0: Called Strike
1-1: Ball
2-1: Ball
3-1: Base on Balls
Batting: RHB Oliver Todd 0-0: Ball
1-0: Ball
2-0: Called Strike
2-1: DOUBLE (Line Drive, 7LS)
Doug Williams to third
Runner from 3rd tries for Home, SAFE, no throw or cutoff
Batting: RHB Manuel Gonzáles 0-0: Hit by Pitch
Batting: RHB Steven Hill 0-0: Ball
1-0: Ball
2-0: DOUBLE (Flyball, 9LM)
Oliver Todd scores
Manuel Gonzáles to third
Batting: RHB Jeremy Kennedy 0-0: Called Strike
0-1: Ball
1-1: Ball
2-1: Ball
3-1: Called Strike
3-2: Base on Balls
Batting: RHB Terry Whitney 0-0: Fielders Choice at 2nd, 6-4 (Groundball, 56)
Top of the 4th over - 2 run(s), 2 hit(s), 0 error(s), 2 left on base; Texas Tech 2 - Missouri 1
BOTTOM OF THE 4TH
Missouri Tigers batting - Pitching for Texas Tech Red Raiders : RHP Ray Johnston
Batting: RHB José González 0-0: Called Strike
0-1: Ball
1-1: Ball
2-1: Ball
3-1: Base on Balls
Batting: RHB George Mitchell 0-0: Called Strike
José González steals 2nd base
0-1: Swinging Strike
0-2: Foul Ball, location: 2F
0-2: Ball
1-2: Ball
2-2: Strikes out looking
Batting: SHB Eric Pimentel 0-0: Ball
1-0: Swinging Strike
1-1: Called Strike
1-2: Ball
2-2: Foul Ball, location: 2F
2-2: Ball
3-2: Base on Balls
Batting: SHB Hoyt Norris 0-0: Called Strike
José González is caught stealing 3rd base
Eric Pimentel to second
0-1: Ball
1-1: Ground out 2-3 (Groundball, 23)
Bottom of the 4th over - 0 run(s), 0 hit(s), 0 error(s), 1 left on base; Texas Tech 2 - Missouri 1
TOP OF THE 5TH
Texas Tech Red Raiders batting - Pitching for Missouri Tigers : RHP Bernie Ryan
Batting: LHB Albert Cardona 0-0: Ball
1-0: Foul Ball, location: 2F
1-1: Ball
2-1: Ground out U3 (Groundball, 3)
Pitching: RHP Chris Webster
Batting: RHB Luis Martínez 0-0: Ball
1-0: Ball
2-0: Ball
3-0: Base on Balls
Batting: LHB Micheal Morgan 0-0: Called Strike
0-1: Fly out, F6 (Popup, 5L)
Batting: RHB Doug Williams 0-0: Ball
1-0: Called Strike
1-1: Ball
2-1: Ball
3-1: Ground out 5-3 (Groundball, 5S)
Top of the 5th over - 0 run(s), 0 hit(s), 0 error(s), 1 left on base; Texas Tech 2 - Missouri 1
BOTTOM OF THE 5TH
Missouri Tigers batting - Pitching for Texas Tech Red Raiders : RHP Ray Johnston
Batting: RHB Rob Smith 0-0: Reached on error, E5 (Groundball, 5L)
Batting: RHB Wilford Shaw 0-0: Ball
1-0: Ball
2-0: Ball
3-0: Called Strike
3-1: Base on Balls
Rob Smith to second
Batting: RHB Ken Uttley 0-0: Foul Ball, location: 2F
0-1: Fly out, F8 (Flyball, 8LM)
Batting: LHB Neil Rodríguez 0-0: Swinging Strike
0-1: Foul Ball, location: 2F
0-2: Strikes out swinging
Batting: RHB Bobby Murdock 0-0: Called Strike
0-1: Foul Ball, location: 2F
0-2: DOUBLE (Line Drive, 7D)
Rob Smith scores
Wilford Shaw to third
Runner from 3rd tries for Home, SAFE, no throw or cutoff
Batting: RHB José González 0-0: Ball
1-0: Ball
2-0: Called Strike
2-1: Ground out 1-3 (Groundball, 13S)
Bottom of the 5th over - 2 run(s), 1 hit(s), 1 error(s), 1 left on base; Texas Tech 2 - Missouri 3
TOP OF THE 6TH
Texas Tech Red Raiders batting - Pitching for Missouri Tigers : RHP Chris Webster
Batting: RHB Oliver Todd 0-0: Ball
1-0: DOUBLE (Line Drive, 7LM)
Batting: RHB Manuel Gonzáles 0-0: Ball
1-0: Foul Ball, location: 2F
1-1: DOUBLE (Line Drive, 9LM)
Oliver Todd scores
Batting: RHB Steven Hill 0-0: Intentional Walk
Batting: RHB Jeremy Kennedy 0-0: Ball
1-0: Ball
2-0: Foul Ball, location: 2F
2-1: Foul Ball, location: 2F
2-2: Ball
3-2: Base on Balls
Manuel Gonzáles to third
Steven Hill to second
Batting: RHB Terry Whitney 0-0: Hit by Pitch
Manuel Gonzáles scores
Steven Hill to third
Jeremy Kennedy to second
Batting: LHB Albert Cardona 0-0: Foul Ball, location: 2F
0-1: Ball
1-1: Swinging Strike
1-2: Fly out, F6 (Popup, 6MD)
Batting: RHB Luis Martínez 0-0: Ball
1-0: Grounds into fielders choice 1-2 (Groundball, 15S)
Jeremy Kennedy to third
Terry Whitney to second
Batting: LHB Micheal Morgan 0-0: Called Strike
0-1: Ball
1-1: Swinging Strike
1-2: Ground out 5-3 (Groundball, 56S)
Top of the 6th over - 2 run(s), 2 hit(s), 0 error(s), 3 left on base; Texas Tech 4 - Missouri 3
BOTTOM OF THE 6TH
Missouri Tigers batting - Pitching for Texas Tech Red Raiders : RHP Ray Johnston
Batting: RHB George Mitchell 0-0: Ball
1-0: Swinging Strike
1-1: Ball
2-1: Foul Ball, location: 2F
2-2: Ball
3-2: Foul Ball, location: 2F
3-2: Base on Balls
Pitching: RHP Ben Rivera
Batting: SHB Eric Pimentel 0-0: Called Strike
0-1: Ball
George Mitchell is caught stealing 2nd base
1-1: Swinging Strike
1-2: Strikes out swinging
Batting: SHB Hoyt Norris 0-0: Called Strike
0-1: Swinging Strike
0-2: Strikes out swinging
Bottom of the 6th over - 0 run(s), 0 hit(s), 0 error(s), 0 left on base; Texas Tech 4 - Missouri 3
TOP OF THE 7TH
Texas Tech Red Raiders batting - Pitching for Missouri Tigers : RHP Chris Webster
Pitching: LHP Pedro Cruz
Batting: RHB Doug Williams 0-0: Ball
1-0: Foul Ball, location: 2F
1-1: Fly out, F9 (Flyball, 9M)
Batting: RHB Oliver Todd 0-0: Called Strike
0-1: Ground out 6-3 (Groundball, 6)
Batting: RHB Manuel Gonzáles 0-0: Fly out, F6 (Popup, 56)
Top of the 7th over - 0 run(s), 0 hit(s), 0 error(s), 0 left on base; Texas Tech 4 - Missouri 3
BOTTOM OF THE 7TH
Missouri Tigers batting - Pitching for Texas Tech Red Raiders : RHP Ben Rivera
Batting: RHB Rob Smith 0-0: Swinging Strike
0-1: Ball
1-1: Ball
2-1: Swinging Strike
2-2: Ball
3-2: Foul Ball, location: 2F
3-2: Foul Ball, location: 2F
3-2: Reached on error, E5 (Groundball, 5)
Batting: RHB Wilford Shaw 0-0: Grounds into double play, 1-4-3 (Groundball, 15S)
Batting: RHB Ken Uttley 0-0: Called Strike
0-1: Called Strike
0-2: Ball
1-2: Strikes out swinging
Bottom of the 7th over - 0 run(s), 0 hit(s), 1 error(s), 0 left on base; Texas Tech 4 - Missouri 3
TOP OF THE 8TH
Texas Tech Red Raiders batting - Pitching for Missouri Tigers : LHP Pedro Cruz
Batting: RHB Steven Hill 0-0: Called Strike
0-1: Called Strike
0-2: Strikes out swinging
Batting: RHB Jeremy Kennedy 0-0: Ball
1-0: Called Strike
1-1: Ball
2-1: Ball
3-1: Base on Balls
Batting: RHB Terry Whitney 0-0: Foul Ball, location: 2F
0-1: Ball
1-1: Foul Ball, location: 2F
1-2: Ball
2-2: Foul Ball, location: 2F
2-2: Ball
3-2: Ground out 5-3 (Groundball, 56S)
Jeremy Kennedy to second
Batting: LHB Albert Cardona 0-0: Swinging Strike
0-1: Ball
1-1: Foul Ball, location: 2F
1-2: Foul Ball, location: 2F
1-2: Ball
2-2: Foul Ball, location: 2F
2-2: Ball
3-2: Base on Balls
Batting: RHB Luis Martínez 0-0: Called Strike
0-1: Swinging Strike
0-2: Strikes out swinging
Top of the 8th over - 0 run(s), 0 hit(s), 0 error(s), 2 left on base; Texas Tech 4 - Missouri 3
BOTTOM OF THE 8TH
Missouri Tigers batting - Pitching for Texas Tech Red Raiders : RHP Ben Rivera
Pitching: RHP Jorge Ramírez
Batting: LHB Neil Rodríguez 0-0: Fly out, F8 (Line Drive, 8LM)
Batting: RHB Bobby Murdock 0-0: Ball
1-0: Ball
2-0: Ball
3-0: Called Strike
3-1: Foul Ball, location: 2F
3-2: Base on Balls
Batting: RHB José González 0-0: Ball
1-0: Swinging Strike
1-1: Foul Ball, location: 2F
1-2: Strikes out swinging
Batting: RHB George Mitchell 0-0: Ball
1-0: Ball
2-0: SINGLE (Line Drive, 7S)
Bobby Murdock to second
Pitching: LHP Fernando Salazar
Batting: SHB Eric Pimentel 0-0: Called Strike
0-1: Called Strike
0-2: Ball
1-2: Ball
2-2: Strikes out swinging
Bottom of the 8th over - 0 run(s), 1 hit(s), 0 error(s), 2 left on base; Texas Tech 4 - Missouri 3
TOP OF THE 9TH
Texas Tech Red Raiders batting - Pitching for Missouri Tigers : LHP Pedro Cruz
Pitching: RHP Pedro Garza
Batting: LHB Micheal Morgan 0-0: Called Strike
0-1: Ball
1-1: Swinging Strike
1-2: Ball
2-2: Ball
3-2: Strikes out looking
Batting: RHB Doug Williams 0-0: Called Strike
0-1: Swinging Strike
0-2: Foul Ball, location: 2F
0-2: Ball
1-2: Strikes out swinging
Batting: RHB Oliver Todd 0-0: Called Strike
0-1: Ball
1-1: Foul Ball, location: 2F
1-2: Ball
2-2: Foul Ball, location: 2F
2-2: Ball
3-2: Base on Balls
Batting: RHB Manuel Gonzáles 0-0: Called Strike
0-1: Foul Ball, location: 2F
0-2: Strikes out swinging
Top of the 9th over - 0 run(s), 0 hit(s), 0 error(s), 1 left on base; Texas Tech 4 - Missouri 3
BOTTOM OF THE 9TH
Missouri Tigers batting - Pitching for Texas Tech Red Raiders : LHP Fernando Salazar
Pitching: RHP Ronald Stone
Pinch Hitting: RHB Matt Reeves 0-0: Ball
1-0: Ball
2-0: Ball
3-0: Base on Balls
Batting: RHB Rob Smith 0-0: Called Strike
0-1: 2-RUN HOME RUN (Flyball, 89XD), Distance : 369 ft
This league is powered by Out of the Park Baseball, the baseball management simulation game for PC, Mac and Linux
Wednesday, December 2nd, 2015 - OOTP Baseball 16.8 Build 38